 Dungeon Crawl Stone Soup version 0.14-a0-848-g57a047c (webtiles) character file.

10790 Jake482 the Brawler (level 11, -5/97 HPs)
             Began as a Troll Monk on Nov 14, 2013.
             Killed from afar by Egon's ghost (46 damage)
             ... with a fireball
             ... on Level 11 of the Dungeon on Nov 15, 2013.
             The game lasted 01:39:46 (9280 turns).

Jake482 the Brawler (Troll Monk)                    Turns: 9280, Time: 01:39:46

HP  -5/97        AC  9     Str 19      XL: 11   Next: 36%
MP   3/3         EV 11     Int  6      God:
Gold 318         SH  0     Dex 15      Spells:  0 memorised, 10 levels left

Res.Fire  : . . .   See Invis. : .     - Unarmed
Res.Cold  : + . .   Warding    : .   N - +2 robe {rC+}
Life Prot.: . . .   Conserve   : +   (shield restricted)
Res.Poison: .       Res.Corr.  : .   (helmet restricted)
Res.Elec. : .       Clarity    : .   U - +0 cloak
Sust.Abil.: . .     Spirit.Shd : .   (gloves unavailable)
Res.Mut.  : .       Stasis     : .   (boots unavailable)
Res.Rott. : .       Flight     : .   H - cursed amulet of conservation
Gourmand  : +                        (no ring)
                                     t - cursed ring of flight

@: somewhat resistant to hostile enchantments, unstealthy
A: unfitting armour, claws 3, fast metabolism 3, gourmand, regeneration 2,
saprovore 2, screaming 1, tough skin 2, AC +2, Str -2
a: Evoke Flight


You were on level 11 of the Dungeon.
You were very full.

You visited 2 branches of the dungeon, and saw 12 of its levels.
You also visited: Sewer.

You collected 335 gold pieces.
You spent 17 gold pieces at shops.

Inventory:

Armour
 N - a +2 robe of cold resistance (worn)
 U - a +0 cloak (worn)
Magical devices
 x - a wand of hasting (1)
 F - a wand of enslavement (16)
 G - a wand of lightning (4)
 Q - a wand of flame (10)
 Y - a wand of flame (13)
Comestibles
 a - 7 honeycombs
 b - 3 meat rations
 h - 4 pears
 i - 5 rotting chunks of yak flesh
 k - an apple
 m - 7 bread rations
 B - 6 beef jerkies
 E - a choko
 K - a banana
 O - a rambutan
 X - 13 strawberries
 Z - 14 sultanas
Scrolls
 c - 6 scrolls of fear
 d - 3 scrolls of amnesia
 f - 6 scrolls of teleportation
 g - a scroll of curse jewellery
 l - 2 scrolls of random uselessness {unknown}
 n - 4 scrolls of noise {unknown}
 o - a scroll of enchant armour {unknown}
 p - 8 scrolls of identify
 s - 2 scrolls of fog {unknown}
 v - a scroll of immolation {unknown}
 y - a scroll of blinking {unknown}
 z - a scroll of curse weapon {unknown}
 C - 2 scrolls of enchant weapon I {unknown}
 D - 7 scrolls of remove curse {unknown}
 I - a scroll of magic mapping {unknown}
 P - a scroll of curse armour {unknown}
Jewellery
 e - an uncursed amulet of faith
 t - a cursed ring of flight (left claw)
 H - a cursed amulet of conservation (around neck)
 L - an uncursed amulet of faith
 S - an uncursed amulet of faith
Potions
 j - 4 potions of might
 q - a potion of brilliance
 r - 3 potions of heal wounds
 w - 5 potions of flight
 A - a potion of curing
 W - a potion of porridge
Books
 R - a Necronomicon {highlevel}

   This book is beyond your current level of understanding.

   Spells                             Type                      Level
   Haunt                              Necromancy/Summoning         7
   Borgnjor's Revivification          Necromancy                   8
   Death's Door                       Charms/Necromancy            8
   Necromutation                      Transmutation/Necromancy     8


   Skills:
 - Level 3.0 Fighting
 - Level 3.2 Dodging
 - Level 1.3 Stealth
 + Level 16.8 Unarmed Combat


You had 10 spell levels left.
You didn't know any spells.

Dungeon Overview and Level Annotations

Branches:
Dungeon (11/16)            Temple (1/1) D:4
    Orc: D:6-11        Lair: D:8-13

Altars:
Ashenzari
Cheibriados
Elyvilon
Fedhas
Kikubaaqudgha
Makhleb
Nemelex Xobeh
Okawaru
Sif Muna
Trog
Vehumet
Xom
Yredelemnul
Zin
the Shining One

Shops:
D:4 [   D:8 [

Annotations:
D:11 4tharraofdagon's ghost, average DDGl; Egon's ghost, powerful DjWz


Innate Abilities, Weirdness & Mutations

You are too large for most types of armour.
You have claws for hands.
Your metabolism is lightning-fast.
You like to eat raw meat.
You heal very quickly.
You can eat rotten meat.
You are covered in thick fur (AC +2).
You have very tough skin (AC +2).
You occasionally shout uncontrollably.
You are weak. (Str -2)


Message History

You are more confused.
Egon's ghost hits you.
Egon's ghost screams, "They lied to you.
The Dungeon just goes down and down forever."
Egon's ghost hits you but does no damage.
Egon's ghost conjures an orb of pure magic.
The wavering orb of destruction weakly hits you!
You closely miss Egon's ghost.
Egon's ghost is heavily damaged.
You claw Egon's ghost!
Egon's ghost is severely damaged.
Egon's ghost hits you but does no damage.
You barely miss Egon's ghost. You claw Egon's ghost!
Egon's ghost is severely damaged.
You feel less confused. Egon's ghost hits you.
You closely miss Egon's ghost.
Egon's ghost is severely damaged.
Egon's ghost points at you and mumbles some strange words.
The fireball explodes!
The fireball engulfs you!
You die...

. ..# ..# #.#
..##.# #..##.#
#..##.#
#..##.### ###
#..#..@.#
.....
#..#..p.#
#...##.....§.#
#........§.###
###.......§#
#.....<.##.#
#...##..##.#
#.. #..##># #
#..##.#


You could see Egon's ghost.

Vanquished Creatures
  A death yak (D:8)
  3 hill giants (D:10)
  The ghost of MirrMurr the Covert, an experienced SpEn (D:6)
  Maurice (D:9)
  A trapdoor spider zombie (D:9)
  10 yaks
  A wraith (D:10)
  A wyvern (D:10)
  2 hungry ghosts
  A manticore (D:9)
  A necrophage (D:7)
  2 sky beasts
  A porcupine (D:8)
  2 orc warriors (D:10)
  2 yellow wasps (D:9)
  8 centaurs
  2 phantoms
  An ice beast (D:10)
  6 ogres
  A crocodile (D:10)
  2 water moccasins
  A giant slug (D:9)
  7 giant frogs
  A gnoll sergeant (D:3)
  5 killer bees (D:10)
  A hippogriff zombie (D:10)
  A yak skeleton (D:11)
  2 jellies
  A spider (D:9)
  5 hounds
  A giant frog zombie (D:8)
  6 crimson imps
  A centaur skeleton (D:9)
  5 orc priests
  3 scorpions
  7 worker ants
  An orange rat (D:8)
  2 mermaids (Sewer)
  4 orc wizards
  A siren (Sewer)
  3 iguanas
  A statue (D:7)
  A mottled dragon zombie (D:9)
  Jessica (D:3)
  A worker ant zombie (D:9)
  11 adders
  9 gnolls
  A giant centipede (D:9)
  5 giant mites
  2 green rats (Sewer)
  An inept feature mimic (D:8)
  7 worms
  An adder zombie (D:5)
  5 grey rats (Sewer)
  A scorpion zombie (D:6)
  2 giant eyeballs
  3 giant geckos
  2 oozes
  38 orcs
  6 ball pythons
  8 bats
  6 giant cockroaches
  8 goblins
  12 hobgoblins
  10 jackals
  A giant gecko skeleton (D:4)
  9 giant newts
  A giant spore (D:10)
  A hobgoblin skeleton (D:5)
  A hobgoblin zombie (D:5)
  A jackal skeleton (D:6)
  13 kobolds
  A kobold skeleton (D:4)
  5 quokkas
  33 rats
  8 ballistomycetes
324 creatures vanquished.

Vanquished Creatures (others)
  An orc wizard (D:9)
  A worker ant (D:10)
  2 giant spores (D:6)
4 creatures vanquished.

Grand Total: 328 creatures vanquished

Notes
Turn   | Place    | Note
--------------------------------------------------------------
     0 | D:1      | Jake482, the Troll Monk, began the quest for the Orb.
     0 | D:1      | Reached XP level 1. HP: 20/20 MP: 0/0
   350 | D:1      | Reached XP level 2. HP: 28/28 MP: 0/0
   515 | D:2      | Found a blossoming altar of Fedhas.
   555 | D:2      | Reached XP level 3. HP: 35/35 MP: 1/1
  1190 | D:2      | Reached XP level 4. HP: 44/44 MP: 1/1
  1319 | D:3      | Found a glowing drain.
  1344 | D:3      | Reached skill level 5 in Unarmed Combat
  1368 | Sewer    | Entered a sewer
  1452 | Sewer    | Reached XP level 5. HP: 23/50 MP: 1/1
  1698 | Sewer    | Reached skill level 6 in Unarmed Combat
  1718 | Sewer    | Reached XP level 6. HP: 43/59 MP: 2/2
  2233 | D:3      | Reached skill level 7 in Unarmed Combat
  2556 | D:3      | Noticed Jessica
  2560 | D:3      | Killed Jessica
  2763 | D:4      | Reached XP level 7. HP: 66/66 MP: 2/2
  2800 | D:4      | Reached skill level 8 in Unarmed Combat
  2841 | D:4      | Found a staircase to the Ecumenical Temple.
  2888 | Temple   | Entered the Ecumenical Temple
  3196 | D:4      | Found Muinudooru's Armour Shoppe.
  3658 | D:5      | Entered Level 5 of the Dungeon
  3672 | D:4      | Reached skill level 9 in Unarmed Combat
  3848 | D:5      | Found a bloodstained altar of Trog.
  3861 | D:5      | Found a glowing golden altar of the Shining One.
  3931 | D:5      | Reached XP level 8. HP: 44/75 MP: 2/2
  4035 | D:5      | Reached skill level 10 in Unarmed Combat
  4440 | D:6      | Reached skill level 11 in Unarmed Combat
  5021 | D:6      | Reached XP level 9. HP: 81/81 MP: 3/3
  5041 | D:6      | Noticed MirrMurr's ghost (experienced SpEn)
  5088 | D:6      | Killed MirrMurr's ghost
  5088 | D:6      | Reached skill level 12 in Unarmed Combat
  5617 | D:7      | Found a radiant altar of Vehumet.
  5682 | D:7      | Reached skill level 13 in Unarmed Combat
  5976 | D:8      | Found a staircase to the Lair.
  6156 | D:8      | Noticed a death yak
  6227 | D:8      | Found Gaituest's Antique Armour Shoppe.
  6235 | D:8      | Bought an embroidered robe for 17 gold pieces
  6651 | D:8      | the staircase to the Lair was a mimic.
  6758 | D:8      | Reached XP level 10. HP: 87/89 MP: 3/3
  6951 | D:8      | Killed a death yak
  6951 | D:8      | Reached skill level 14 in Unarmed Combat
  7408 | D:9      | Noticed Maurice
  7419 | D:9      | Paralysed by a giant eyeball for 2 turns
  7575 | D:9      | Killed Maurice
  7641 | D:9      | Reached skill level 15 in Unarmed Combat
  7643 | D:9      | Paralysed by a yellow wasp for 1 turns
  8053 | D:10     | Entered Level 10 of the Dungeon
  8087 | D:10     | Noticed a hill giant
  8521 | D:10     | Noticed a hill giant
  8537 | D:10     | Killed a hill giant
  8624 | D:10     | Reached skill level 16 in Unarmed Combat
  8653 | D:10     | Reached XP level 11. HP: 83/97 MP: 3/3
  8738 | D:10     | Noticed a hill giant
  8747 | D:10     | Killed a hill giant
  9030 | D:10     | Paralysed by a potion of paralysis for 3 turns
  9034 | D:10     | Gained mutation: You are weak. (Str -2) [potion of mutation]
  9034 | D:10     | Gained mutation: You are covered in thick fur (AC +2). [potion of mutation]
  9034 | D:10     | Gained mutation: You occasionally shout uncontrollably. [potion of mutation]
  9064 | D:10     | Killed a hill giant
  9141 | D:11     | Noticed 4tharraofdagon's ghost (average DDGl)
  9253 | D:11     | Noticed Egon's ghost (powerful DjWz)
  9280 | D:11     | Killed from afar by Egon's ghost

Action                   |  1- 3 |  4- 6 |  7- 9 | 10-12 || total
-------------------------+-------+-------+-------+-------++-------
Melee: Unarmed           |    96 |   223 |   328 |   303 ||   950
Evoke: Wand              |       |     1 |     2 |     4 ||     7
  Use: Scroll            |       |     2 |       |     6 ||     8
       Potion            |       |     1 |     1 |     7 ||     9
 Stab: Sleeping          |     2 |     1 |     5 |     2 ||    10
       Distracted        |       |       |       |     1 ||     1
